 Dungeon Crawl Stone Soup version 0.30.1-11-g7821555f0a (webtiles) character file.

Game seed: 13197446744023181012

2124 SacredBeard the Grave Robber (level 9, -3/58 (63) HPs)
             Began as a Demonspawn Necromancer on Nov 5, 2023.
             Slain by Maggie
             ... wielding a +1 halberd of draining
              (14 damage)
             ... on level 6 of the Dungeon.
             The game lasted 00:20:24 (8204 turns).

SacredBeard the Grave Robber (DsNe)                 Turns: 8204, Time: 00:20:25

HP:   -3/58 (63)    AC:  4    Str: 10    XL:     9   Next: 8%
MP:   14/18         EV: 12    Int: 16    God:
Gold: 271           SH:  0    Dex: 17    Spells: 18/20 levels left

rFire   . . .        E - +1 dagger (pain)
rCold   . . .        (no shield)
rNeg    . . .        x - +0 leather armour
rPois   .            (helmet restricted)
rElec   .            (no cloak)
rCorr   .            s - +0 pair of gloves
SInv    .            (no boots)
Will    .....        y - amulet of the acrobat
Stlth   ++           t - ring of flight
HPRegen 0.29/turn    (no ring)
MPRegen 0.16/turn

%: acrobat
@: flying, mesmerised, drained
A: hooves 2, horns 1, demonic guardian 1, demonic touch 1
a: no special abilities


You were on level 6 of the Dungeon.
You visited 2 branches of the dungeon, and saw 7 of its levels.
You also visited: Sewer.

You collected 271 gold pieces.

Inventory:

Hand Weapons
 l - a +1 dagger of venom
 E - a +1 dagger of pain (weapon)
Missiles
 e - 18 stones
 g - 3 boomerangs
 h - 6 datura-tipped darts
 q - 6 javelins
Armour
 s - a +0 pair of gloves (worn)
 x - a +0 leather armour (worn)
Jewellery
 t - a ring of flight (left hand)
 y - an amulet of the acrobat (around neck)
Scrolls
 i - 2 scrolls of enchant armour
 k - 3 scrolls of teleportation
 m - 2 scrolls of summoning
 p - 2 scrolls of immolation {unknown}
 u - 2 scrolls of poison {unknown}
 w - a scroll of acquirement {unknown}
 A - a scroll of enchant weapon {unknown}
 C - a scroll of magic mapping {unknown}
 D - a scroll of fear {unknown}
 F - a scroll of fog {unknown}
Potions
 a - 3 potions of heal wounds
 b - 3 potions of magic
 d - a potion of resistance {unknown}
 f - a potion of degeneration {unknown}
 j - 7 potions of curing
 n - a potion of cancellation {unknown}
 o - a potion of ambrosia {unknown}
 r - a potion of mutation {unknown}
 v - 2 potions of lignification
 z - a potion of invisibility {unknown}


   Skills:
 - Level 3.0 Fighting
 * Level 5.6 Short Blades
 - Level 2.0 Throwing
 - Level 2.0 Armour
 - Level 2.0 Dodging
 - Level 3.0 Stealth
 + Level 6.2 Spellcasting
 + Level 0.0 Summonings
 + Level 7.5 Necromancy


You had 18 spell levels left.
You knew the following spells:

 Your Spells              Type           Power      Damage    Failure   Level
a - Necrotise             Necr           100%       1d9       1%          1
b - Summon Small Mammal   Summ           16%        N/A       19%         1

Your spell library contained the following spells:

 Spells                   Type           Power      Damage    Failure   Level
 Vampiric Draining        Necr           28%        2d8       2%          3
 Animate Dead             Necr           28%        N/A       9%          4
 Apportation              Tloc           8%         N/A       19%         1
 Agony                    Necr           28%        N/A       22%         5
 Ensorcelled Hibernation  Hex/Ice        8%         N/A       26%         2
 Passwall                 Tmut/Erth      3%         N/A       26%         2
 Swiftness                Air            4%         N/A       47%         3


Dungeon Overview and Level Annotations

Branches:
Dungeon (6/15) Zot: 25995  Temple (1/1) D:4 Zot: 5928   Sewer (visited)

Altars:
Ashenzari
Cheibriados
Dithmenos
Fedhas
Gozag
Hepliaklqana
Makhleb
Qazlal
Sif Muna
Trog
Uskayaw
Xom

Annotations:
D:5 3 runed translucent doors, o55k's ghost, novice GrBe
D:6 Maggie


Innate Abilities, Weirdness & Mutations

You have hoof-like feet.
You have a pair of small horns on your head.
A weak demonic guardian rushes to your aid.
Your touch may inflict minor irresistible damage on your foes.


Message History

Maggie barely resists.
Maggie writhes in agony.
Maggie zaps a wand.
The mass of ice explodes!
The iceblast engulfs you!
Maggie writhes in agony.
Maggie casts a spell.
Maggie attempts to bespell you!
You are mesmerised by Maggie!
Maggie writhes in agony.
Maggie zaps a wand.
The mass of ice explodes!
The iceblast engulfs you!! Maggie misses you.
You hit Maggie.
Maggie writhes in agony.
Your kick misses Maggie.
You touch Maggie!
Maggie is moderately wounded.
You hit Maggie but do no damage.
Maggie writhes in agony.
You kick Maggie. You headbutt Maggie, but do no damage.
Maggie is heavily wounded.
Maggie hits you with a +1 halberd of draining.
You feel drained.
You barely miss Maggie. You kick Maggie.
You touch Maggie!
Maggie is heavily wounded.
Maggie hits you with a +1 halberd of draining!
* * * LOW HITPOINT WARNING * * *
You feel drained.
You completely miss Maggie. You kick Maggie, but do no damage.
Your headbutt misses Maggie. You punch Maggie.
Maggie is severely wounded.
You hit Maggie but do no damage.
Maggie writhes in agony.
Your kick misses Maggie.
You touch Maggie!
Maggie is almost dead.
Maggie hits you with a +1 halberd of draining.
* * * LOW HITPOINT WARNING * * *
A demonic guardian appears!
You feel drained.
You completely miss Maggie. You headbutt Maggie, but do no damage.
Maggie is almost dead.
Maggie mutters to herself, "Master Lance won't take me back.
This is the way forward."
Maggie completely misses you.
You hit Maggie but do no damage.
Maggie writhes in agony.
Maggie is almost dead.
Maggie hits you with a +1 halberd of draining!
You die...

.#.#.# #......... ..##....##.##..
...#.###...........#.#.......####
.............................#...
..)......<...........#...###.....
...#.....................###....#
..##......####............##....#
....#......####.......###.##.....
....##...#....#.@5.....#...##...#
.....#.........#@......##..##...#
.....................#......##.##
..##..........##..#..#........>.#
...............#.###....###.....#
................## #....# ####...
#.####".........# ###... #..# ###
##..##.##.## #... ##.# #.########
## # ### ###


You could see Maggie (mesmerising, ally target) and a friendly white imp
(summoned).

Vanquished Creatures
  Prince Ribbit (D:6)
  A wraith (D:6)
  A water moccasin (D:6)
  An orc warrior (D:6)
  2 ogres
  A black bear (D:5)
  2 centaurs
  2 kobold brigands (Sewer)
  4 scorpions
  A howler monkey (D:6)
  2 hounds
  A jelly (D:5)
  6 orc priests
  5 orc wizards
  2 iguanas
  7 adders
  3 gnolls (D:3)
  A river rat (Sewer)
  A white imp (D:6)
  2 ufetubi
  4 worms (Sewer)
  2 dart slugs
  25 orcs
  5 bats
  11 endoplasms
  7 giant cockroaches
  7 goblins
  8 hobgoblins
  7 jackals
  8 quokkas
  9 ball pythons
  5 frilled lizards
  8 kobolds
  7 rats
159 creatures vanquished.

Vanquished Creatures (collateral kills)
  An orc wizard (D:4)
  A worm (Sewer)
  A ball python (D:2)
  4 endoplasms
  A hobgoblin (D:1)
  A quokka (D:6)
9 creatures vanquished.

Grand Total: 168 creatures vanquished

Notes
Turn   | Place    | Note
-------+----------+-------------------------------------------
     0 | D:1      | SacredBeard the Demonspawn Necromancer began the quest for
                  | the Orb.
     0 | D:1      | Reached XP level 1. HP: 13/13 MP: 3/3
   107 | D:1      | Discovered your monstrous ancestry.
   107 | D:1      | Gained mutation: Your touch may inflict minor irresistible
                  | damage on your foes. [demonic ancestry]
   107 | D:1      | Reached XP level 2. HP: 19/19 MP: 1/5
   740 | D:1      | Gained mutation: You have large cloven feet. [demonic
                  | ancestry]
   740 | D:1      | Reached XP level 3. HP: 25/25 MP: 0/6
  1314 | D:2      | Found a shadowy altar of Dithmenos.
  1461 | D:2      | Reached skill level 5 in Necromancy
  2237 | D:3      | Found a bloodstained altar of Trog.
  2290 | D:3      | Reached XP level 4. HP: 31/31 MP: 5/7
  2430 | D:3      | Found a faded altar of an unknown god.
  2490 | D:3      | Found the +7 Kryia's mail coat {PotionHeal*2 rC+}
  2673 | D:3      | Reached skill level 1 in Fighting
  2687 | D:3      | Reached skill level 1 in Throwing
  3035 | D:3      | Reached skill level 1 in Armour
  3705 | D:4      | Noticed a scorpion
  3712 | D:4      | Killed a scorpion
  3713 | D:4      | Gained mutation: You have hoof-like feet. [demonic
                  | ancestry]
  3713 | D:4      | Reached XP level 5. HP: 37/37 MP: 0/8
  3806 | D:4      | Noticed a centaur
  3819 | D:4      | Killed a centaur
  3820 | D:4      | Reached skill level 1 in Short Blades
  3927 | D:4      | Gained mutation: A weak demonic guardian rushes to your
                  | aid. [demonic ancestry]
  3927 | D:4      | Reached XP level 6. HP: 44/44 MP: 6/10
  4347 | D:4      | Reached skill level 6 in Necromancy
  4639 | D:4      | Reached XP level 7. HP: 50/50 MP: 7/11
  4820 | D:4      | Found a staircase to the Ecumenical Temple.
  4837 | Temple   | Entered the Ecumenical Temple
  5195 | D:5      | Entered Level 5 of the Dungeon
  5326 | D:5      | Found a runed translucent gate.
  5326 | D:5      | Found a runed translucent gate.
  5326 | D:5      | Found a runed translucent gate.
  5331 | D:5      | Noticed o55k's ghost (novice GrBe)
  5809 | D:5      | Reached skill level 5 in Spellcasting
  6083 | D:5      | Found an opulent altar of Gozag.
  6282 | D:6      | Gained mutation: You have a pair of small horns on your
                  | head. [demonic ancestry]
  6282 | D:6      | Reached XP level 8. HP: 58/58 MP: 8/15
  6373 | D:6      | Noticed Prince Ribbit
  6402 | D:6      | Killed Prince Ribbit
  6405 | D:6      | Found a glowing drain.
  6416 | Sewer    | Entered a sewer
  7486 | D:6      | Reached skill level 7 in Necromancy
  7496 | D:6      | Reached skill level 5 in Short Blades
  7817 | D:6      | Reached XP level 9. HP: 50/63 MP: 18/18
  8188 | D:6      | Noticed Maggie
  8192 | D:6      | Learned a level 1 spell: Summon Small Mammal
  8204 | D:6      | Slain by Maggie

Illustrated notes

Levels and vault maps discovered:
D:1:      noname_arrival_rooms_in_the_neighbourhood, layout_basic,
          solitary_fountain, hangedman_glass_teeth, chequers_arboretum
D:2:      layout_basic, basic_altar
D:3:      layout_basic, lemuel_doored_altar,
          shapermc_ecumenical_altar_mp_urbaneastern,
          chequers_serial_rivers_room_a
D:4:      layout_loops_corners, minmay_temple_entry_fiery
D:5:      layout_loops_ring, nicolae_gozag_cash_rules_everything_around_me,
          ebering_ghost_rock_garden, kennysheep_generic_room_11
D:6:      layout_cave_pools, mainiacjoe_overflow_large_starburst,
          lemuel_mausoleum_altar_kikubaaqudgha, gup_sewer_entry_pipe,
          uniq_prince_ribbit1, uniq_maggie
Temple:   nicolae_temple_god_jail

Skill      XL: |  1  2  3  4  5  6  7  8 |
---------------+-------------------------+-----
Stealth        | 2 3 |  3.0
Necromancy     | 5 6 7 |  7.5
Dodging        | 2 |  2.0
Fighting       | 1 2 3 |  3.0
Throwing       | 1 2 |  2.0
Armour         | 1 2 |  2.0
Short Blades   | 1 2 5 |  5.6
Spellcasting   | 3 5 6 |  6.2

Action                     |  1- 3 |  4- 6 |  7- 9 || total
---------------------------+-------+-------+-------++-------
  Melee: Unarmed           |     5 |       |       ||     5
         Club              |    20 |       |       ||    20
         Touch             |     5 |    12 |    22 ||    39
         Kick              |     4 |    13 |    28 ||    45
         Dagger            |       |    42 |    94 ||   136
         Punch             |       |       |     2 ||     2
         Headbutt          |       |       |    15 ||    15
  Throw: Stone             |       |       |    17 ||    17
   Cast: Necrotise         |    76 |    80 |   189 ||   345
    Use: Potion            |       |     1 |       ||     1
         Scroll            |       |       |     5 ||     5
   Stab: Sleeping          |       |       |     2 ||     2
 Armour: Robe              |     6 |    11 |       ||    17
         Leather armour    |       |     8 |    27 ||    35
  Dodge: Dodged            |    28 |    62 |    80 ||   170
